 Dungeon Crawl Stone Soup version 0.29.1 (webtiles) character file.

Game seed: 3952173915870752693

19 Sanktem7 the Trooper (level 2, 0/27 HPs)
             Began as a Minotaur Berserker on Sept 14, 2022.
             Was a Follower of Trog.
             Slain by a kobold
             ... wielding a +0 whip
              (2 damage)
             ... on level 1 of the Dungeon.
             The game lasted 00:00:43 (420 turns).

Sanktem7 the Trooper (Minotaur Berserker)            Turns: 420, Time: 00:00:44

Health: 0/27       AC:  2    Str: 21    XL:     2   Next: 55%
Magic:  1/1        EV: 12    Int:  4    God:    Trog [*.....]
Gold:   0          SH:  0    Dex:  9    Spells: 1/1 levels left

rFire   . . .      SeeInvis .   a - +0 hand axe {axe}
rCold   . . .      Faith    .   (no shield)
rNeg    . . .      Spirit   .   b - +0 animal skin
rPois   .          Reflect  .   (helmet restricted)
rElec   .          Harm     .   (no cloak)
rCorr   .          Rampage  .   (no gloves)
Will    .....                   (no boots)
Stlth   +.........              (no amulet)
HPRegen 0.09/turn               (no ring)
MPRegen 0.07/turn               (no ring)

@: no status effects
A: horns 2, retaliatory headbutt
a: Renounce Religion, Berserk


You were on level 1 of the Dungeon.
You worshipped Trog.
Trog was aware of your devotion.
You visited 1 branch of the dungeon, and saw 1 of its levels.


Innate Abilities, Weirdness & Mutations

You have a pair of horns on your head.
You reflexively headbutt those who attack you in melee.


   Skills:
 * Level 4.2 Fighting
 * Level 4.2 Axes
 - Level 2.4 Armour
 - Level 2.1 Dodging


You had one spell level left.
You didn't know any spells.
Your spell library was empty.

Inventory:

Hand Weapons
 a - a +0 hand axe (weapon) {axe}
Armour
 b - a +0 animal skin (worn)
Scrolls
 d - a scroll of fear {unknown}
Potions
 c - a potion of mutation {unknown}

Dungeon Overview and Level Annotations

Branches:
Dungeon (1/15) Zot: 5575

Altars:

.... ..(. ... ##
.. ...######.
.........#
......†..#
......K@.##
..........####
....#####....###
## ... ####...#
.. . ###.# # #.#
# #.# . ##.## #
#...# #


You could see a kobold.


Message History

You are too injured to fight recklessly!
You are too injured to fight recklessly!
You are too injured to fight recklessly!
You are too injured to fight recklessly!
You are too injured to fight recklessly!
You hit the quokka. The quokka bites you. 😮 HP[-2]
You take 2 damage, and now have 17/27 hp.
You closely miss the quokka. The quokka barely misses you.
The quokka closely misses you.
You barely miss the quokka. The quokka bites you.
* * * LOW HITPOINT WARNING * * *
😨 HP[-5]
You take 5 damage, and now have 12/27 hp.
You closely miss the quokka. The quokka bites you.
* * * LOW HITPOINT WARNING * * *
😨 HP[-2]
You take 2 damage, and now have 10/27 hp.
You hit the quokka.
You kill the quokka!
Trog accepts your kill.
Key pressed, stopping explore. 2 ball pythons come into view.
The ball python hisses angrily. x2
A kobold comes into view. It is wielding a +0 whip. 😎 HP[+17]
Your hp is fully restored (27).
There are monsters nearby!
An endoplasm and a rat come into view.
You closely miss the ball python.
The endoplasm quivers.
You hit the ball python. The ball python misses you. The ball python grabs you.
The ball python constricts you.
The ball python bites you but does no damage. 😕 HP[-1]
You take 1 damage, and now have 26/27 hp.
You hit the ball python.
You kill the ball python!
Trog accepts your kill.
You barely miss the ball python. The ball python misses you.
You furiously retaliate!
You headbutt the ball python. The ball python grabs you.
The ball python constricts you.
You closely miss the ball python. You headbutt the ball python.
You kill the ball python!
Trog accepts your kill.
You hit the rat.
You kill the rat!
Trog accepts your kill.
You hit the endoplasm but do no damage. You completely miss the kobold.
The kobold hits you with a +0 whip.
The endoplasm barely misses you. 😕 HP[-3]
You take 3 damage, and now have 23/27 hp.
You hit the endoplasm. You hit the kobold. The kobold misses you.
The endoplasm freezes you.
You are frozen.
The endoplasm misses you. The kobold closely misses you. 😮 HP[-4]
You take 4 damage, and now have 19/27 hp.
You are too injured to fight recklessly!
You are too injured to fight recklessly!
You are too injured to fight recklessly!
You are too injured to fight recklessly!
You are too injured to fight recklessly!
You are too injured to fight recklessly!
You are too injured to fight recklessly!
You hit the kobold but do no damage. You hit the endoplasm but do no damage.
The kobold hits you with a +0 whip. The endoplasm freezes you.
You are frozen.
* * * LOW HITPOINT WARNING * * *
😨 HP[-8]
You take 8 damage, and now have 11/27 hp.
MASSIVE DAMAGE!! (PAUSE)
You barely miss the kobold. You hit the endoplasm.
The kobold barely misses you. The endoplasm freezes you.
You are frozen.
* * * LOW HITPOINT WARNING * * *
You barely miss the kobold. You barely miss the endoplasm.
The kobold hits you but does no damage. The endoplasm freezes you.
You are frozen.
* * * LOW HITPOINT WARNING * * *
😨 HP[-4]
You take 4 damage, and now have 7/27 hp.
You closely miss the kobold. You hit the endoplasm but do no damage.
The kobold hits you with a +0 whip.
* * * LOW HITPOINT WARNING * * *
The endoplasm barely misses you. 😱 HP[-5]
You take 5 damage, and now have 2/27 hp.
You barely miss the kobold. Your headbutt misses the kobold.
You completely miss the endoplasm. The kobold barely misses you.
The endoplasm barely misses you. You furiously retaliate!
You headbutt the endoplasm!
You kill the endoplasm!
Trog accepts your kill.
You hit the kobold. The kobold hits you with a +0 whip.
You die...

Skill      XL: |  1 |
---------------+----+-----
Fighting       | 4 |  4.2
Axes           | 4 |  4.2
Armour         | |  2.4
Dodging        | |  2.1

Action                   || total
-------------------------++-------
Melee: Hand axe          ||    36
       Headbutt          ||     3
Armor: Animal skin       ||     7
Dodge: Dodged            ||    25

Levels and vault maps discovered:
D:1:      ebering_hopf_link, layout_basic, serial_shops, shop

Notes
Turn   | Place    | Note
-------+----------+-------------------------------------------
     0 | D:1      | Sanktem7 the Minotaur Berserker began the quest for the
                  | Orb.
     0 | D:1      | Reached XP level 1. HP: 19/19 MP: 0/0
     0 | D:1      | magus.rc [v1.9.6]
    38 | D:1      | Reached skill level 4 in Fighting
    38 | D:1      | Reached skill level 4 in Axes
    38 | D:1      | Reached XP level 2. HP: 24/27 MP: 1/1
   418 | D:1      | HP: 2/27 [kobold/+0 whip (5)]
   420 | D:1      | Slain by a kobold

Vanquished Creatures
  3 ball pythons (D:1)
  2 endoplasms (D:1)
  A giant cockroach (D:1)
  2 goblins (D:1)
  A hobgoblin (D:1)
  2 jackals (D:1)
  A kobold (D:1)
  2 quokkas (D:1)
  A bat (D:1)
  A rat (D:1)
16 creatures vanquished.

Table legend:
 A = Non-vault XP
 B = Vault XP
 C = Vault XP percentage of total XP
 D = Non-vault monster count
 E = Vault monster count
 F = Vault count percentage of total count
                 A         B        C        D         E       F
            +---------+---------+-------+---------+---------+-------
      Total |      28 |       0 |   0.0 |      16 |       0 |   0.0
            +---------+---------+-------+---------+---------+-------
        D:1 |      28 |       0 |   0.0 |      16 |       0 |   0.0
            +---------+---------+-------+---------+---------+-------

Illustrated notes

Table legend:
 A = Kills in this place as a percentage of kills in entire the game.
 B = Kills by you in this place as a percentage of kills by you in the entire game.
 C = Kills by friends in this place as a percentage of kills by friends in the entire game.
 D = Other kills in this place as a percentage of other kills in the entire game.
 E = Experience gained in this place as a percentage of experience gained in the entire game.
 F = Experience gained in this place divided by the number of levels of this place that you have seen.
                   A       B       C       D       E      F
               +-------+-------+-------+-------+-------+----------------------
         Total | 100.0 | 100.0 |   N/A |   N/A | 100.0 |  28.0
       Dungeon | 100.0 | 100.0 |   N/A |   N/A | 100.0 |  28.0
               +-------+-------+-------+-------+-------+----------------------

Table legend: (Time is in decaauts)
 A = Elapsed time spent in this place.
 B = Non-inter-level travel time spent in this place.
 C = Inter-level travel time spent in this place.
 D = Time resting spent in this place.
 E = Time spent auto-exploring this place.
 F = Levels seen in this place.
 G = Mean time per level.
                   A        B        C        D        E       F      G
               +--------+--------+--------+--------+--------+-----+--------+
         Total |    423 |    423 |      0 |      0 |    359 |   1 |  423.0 |
       Dungeon |    423 |    423 |      0 |      0 |    359 |   1 |  423.0 |
               +--------+--------+--------+--------+--------+-----+--------+

Top non-repeatable levels by time:
     D:1: 423 daAuts
